 Dungeon Crawl Stone Soup version 0.28-a0-1206-g193881aaa2 (webtiles) character file.

Game seed: 11710363236910451728

614 ytrimaz the Insei (level 7, -4/45 HPs)
             Began as an Octopode Transmuter on Dec 20, 2021.
             Slain by Prince Ribbit (16 damage)
             ... on level 5 of the Dungeon.
             The game lasted 00:07:17 (7686 turns).

ytrimaz the Insei (Octopode Transmuter)             Turns: 7686, Time: 00:07:18

Health: -4/45      AC:  1    Str:  9 (10) XL:     7   Next: 44%
Magic:  4/13       EV: 13    Int: 15 (17) God:
Gold:   206        SH:  0    Dex: 10 (12) Spells: 4/14 levels left

rFire   . . .      SeeInvis .     - Unarmed
rCold   . . .      Faith    .   (no shield)
rNeg    . . .      Spirit   .   (helmet restricted)
rPois   .          Reflect  .   (no amulet)
rElec   .          Harm     .   (no ring)
rCorr   .          Rampage  .   (no ring)
Will    .....                   (no ring)
Stlth   ++........              (no ring)
HPRegen 0.15/turn               (no ring)
MPRegen 0.13/turn               (no ring)
                                (no ring)
                                (no ring)

@: very slightly contaminated
A: almost no armour, amphibious, 8 rings, camouflage 1, gelatinous body 1,
(nimble swimmer 1), tentacles
a: no special abilities


You were on level 5 of the Dungeon.
You visited 1 branch of the dungeon, and saw 5 of its levels.

You collected 206 gold pieces.

Inventory:

Wands
 m - a wand of iceblast (6)
Scrolls
 a - 3 scrolls of enchant armour
 b - 2 scrolls of enchant weapon
 c - a scroll of teleportation
 f - a scroll of identify
 k - a scroll of magic mapping
Potions
 e - 2 potions of flight
 g - a potion of berserk rage {unknown}
 h - a potion of lignification {unknown}
 i - 3 potions of curing {unknown}
 j - a potion of heal wounds {unknown}
 l - a potion of attraction {unknown}


   Skills:
 * Level 2.7 Fighting
 * Level 3.4 Dodging
 + Level 4.3 Unarmed Combat
 * Level 4.3 Spellcasting
 * Level 3.0 Transmutations
 * Level 2.7 Ice Magic
 + Level 1.0 Poison Magic


You had 4 spell levels left.
You knew the following spells:

 Your Spells              Type           Power      Damage    Failure   Level
a - Freeze                Ice            44%        1d6       5%          1
b - Wereblood             Tmut           12%        N/A       8%          2
c - Spider Form           Tmut/Pois      9%         N/A       22%         3
d - Ice Form              Ice/Tmut       11%        N/A       47%         4

Your spell library contained the following spells:

 Spells                   Type           Power      Damage    Failure   Level
 Beastly Appendage        Tmut           24%        N/A       4%          1
 Frozen Ramparts          Ice            22%        1d4       17%         3
 Ignite Poison            Fire/Tmut/Pois 7%         N/A       30%         3
 Mephitic Cloud           Conj/Pois/Air  4%         N/A       41%         3
 Hailstorm                Conj/Ice       7%         3d4       69%         4
 Freezing Cloud           Conj/Ice/Air   3%         6-21      97%         5


Dungeon Overview and Level Annotations

Branches:
Dungeon (5/15)
 Temple: D:4-7

Altars:
Kikubaaqudgha
Wu Jian
Zin

Portals:
Abyss: D:3

Annotations:
D:3 2 transporters, bearlyready's ghost, weakling MiDe
D:5 Prince Ribbit


Innate Abilities, Weirdness & Mutations

You cannot wear most types of armour.
You are amphibious.
You can wear up to eight rings at the same time.
Your skin changes colour to match your surroundings (Stealth+).
Your rubbery body absorbs attacks. (AC +1, EV +1)
((You are camouflaged near water. (Stealth+)))
You have tentacles for arms and can constrict up to eight enemies at once.


Message History

Casting: Spider Form (dangerous; 21% risk of failure)
Confirm with . or Enter, or press ? or * to list all spells.
You turn into a venomous arachnid creature.
Prince Ribbit says, "You're just another fly to me."
Unknown command.
Casting: Spider Form (quite dangerous; 41% risk of failure)
Confirm with . or Enter, or press ? or * to list all spells.
The spell is extremely dangerous to miscast (65% risk of failure)!
Continue anyway?
Okay, then.
Your transformation has ended.
Prince Ribbit catches a baby bat with his tongue.
Casting: Ice Form (extremely dangerous; 43% risk of failure)
Confirm with . or Enter, or press ? or * to list all spells.
The spell is extremely dangerous to miscast (43% risk of failure)!
Continue anyway?
You miscast Ice Form.
Frost covers your body! Prince Ribbit hits you.
Unknown command.
Unknown command.
Casting: Ice Form (extremely dangerous; 43% risk of failure)
Confirm with . or Enter, or press ? or * to list all spells.
You don't have enough magic to cast this spell.
Prince Ribbit is nearby!
Unknown command.
Prince Ribbit hits you!
* * * LOW HITPOINT WARNING * * *
Prince Ribbit hops awkwardly around.
You are too injured to fight recklessly!
You are too injured to fight recklessly!
Casting: Ice Form (extremely dangerous; 43% risk of failure)
Confirm with . or Enter, or press ? or * to list all spells.
Okay, then.
Sorry, you're not good enough to have a special ability.
Unknown command.
Press: ? - help, v - describe, . - travel
Here: Prince Ribbit The floor.
It was a potion of degeneration.
There was something very wrong with that liquid.
You feel weakened.
You feel dopey.
You feel clumsy. Prince Ribbit hits you!
You die...

...#. . .... .<
#..###.# ###.......
.....##.#
#..#####...##.#.#
#................
#.#######F.##.#..
#.@##.# #..##.#
####..##'####.#
#..........##.# #
#..........+... #.#
#..........##.# .#..
+..........##.# ....
#....#......#.# ...#.
.............#.###.....


You could see Prince Ribbit.

Vanquished Creatures
  2 necrophages (D:4)
  A scorpion (D:5)
  A hound (D:3)
  A centaur skeleton (D:4)
  A gnoll shaman (D:4)
  A bullfrog skeleton (D:5)
  3 orc wizards (D:4)
  A hound skeleton (D:4)
  A howler monkey skeleton (D:5)
  6 gnolls
  5 adders
  2 adder skeletons (D:4)
  A worm (D:4)
  A dart slug (D:4)
  4 orcs (D:4)
  5 ball pythons
  3 endoplasms
  3 giant cockroaches
  5 goblins
  4 hobgoblins
  4 quokkas
  4 bats
  4 frilled lizards
  6 kobolds
  5 rats
74 creatures vanquished.

Vanquished Creatures (others)
  14 plants
14 creatures vanquished.

Grand Total: 88 creatures vanquished

Notes
Turn   | Place    | Note
-------+----------+-------------------------------------------
     0 | D:1      | ytrimaz the Octopode Transmuter began the quest for the
                  | Orb.
     0 | D:1      | Reached XP level 1. HP: 13/13 MP: 3/3
   182 | D:1      | Reached XP level 2. HP: 8/18 MP: 5/5
   548 | D:1      | Found a faded altar of an unknown god.
   651 | D:1      | Learned a level 1 spell: Freeze
   654 | D:1      | Learned a level 2 spell: Wereblood
  1670 | D:2      | Reached XP level 3. HP: 23/23 MP: 6/6
  1674 | D:2      | Learned a level 3 spell: Spider Form
  2466 | D:3      | Reached XP level 4. HP: 11/28 MP: 3/8
  2842 | D:3      | Found a one-way gate to the infinite horrors of the Abyss.
  2842 | D:3      | Noticed bearlyready's ghost (weakling MiDe)
  2855 | D:3      | Reached skill level 1 in Ice Magic
  2856 | D:3      | Found a transporter.
  2856 | D:3      | Found a transporter.
  2865 | D:3      | Noticed a kobold brigand
  3755 | D:3      | Reached XP level 5. HP: 33/33 MP: 7/9
  4298 | D:3      | Learned a level 4 spell: Ice Form
  4323 | D:3      | Noticed a small abomination
  4882 | D:4      | Noticed a necrophage
  4893 | D:4      | Killed a necrophage
  4894 | D:4      | Reached XP level 6. HP: 39/39 MP: 11/11
  5530 | D:4      | Found a glowing silver altar of Zin.
  5911 | D:4      | Found an ancient bone altar of Kikubaaqudgha.
  6896 | D:4      | Noticed a necrophage
  6907 | D:4      | Killed a necrophage
  6908 | D:4      | Reached XP level 7. HP: 31/45 MP: 13/13
  7044 | D:4      | Found an ornate altar of the Wu Jian Council.
  7117 | D:4      | Reached skill level 1 in Poison Magic
  7353 | D:5      | Entered Level 5 of the Dungeon
  7675 | D:5      | Noticed Prince Ribbit
  7686 | D:5      | Slain by Prince Ribbit

Illustrated notes

Levels and vault maps discovered:
D:1:      saegor_arrival_under_anarchy, layout_rooms,
          hellmonk_ecumenical_altar_slurped_away,
          corexii_item_surrounded_by_moat, amcnicky_mini_pool_small,
          lemuel_another_geyser
D:2:      cheibrodos_old_hovel, layout_basic,
          amcnicky_mini_rare_corridor_liquid, chequers_serial_rivers_micro_c
D:3:      layout_loops_ring, gammafunk_ghost_abyssal_escape, st_stairs_7,
          nicolae_grassy_gnolls
D:4:      layout_layer_cave, nzn_wu_jian_contemplation,
          lemuel_coloured_pillars_altar, kiku_gazebo_pond_becter
D:5:      gammafunk_cloud_chamber, layout_basic,
          amethyst_overflow_temple_binary, uniq_prince_ribbit1

Skill      XL: |  1  2  3  4  5  6  7 |
---------------+----------------------+-----
Ice Magic      | 1 2 |  2.7
Spellcasting   | 3 4 |  4.3
Unarmed Combat | 4 |  4.3
Fighting       | 2 |  2.7
Dodging        | 3 |  3.4
Poison Magic   | 1 |  1.0
Transmutations | 3 |  3.0

Action                   |  1- 3 |  4- 6 |  7- 9 || total
-------------------------+-------+-------+-------++-------
Melee: Unarmed           |    64 |   101 |    13 ||   178
       Constrict         |    16 |    16 |       ||    32
       Tentacles         |    10 |    13 |       ||    23
       Kick              |     3 |       |       ||     3
       Punch             |       |     1 |       ||     1
 Cast: Beastly Appendage |     3 |       |       ||     3
       Freeze            |    16 |    22 |     8 ||    46
       Wereblood         |     1 |     2 |       ||     3
       Spider Form       |       |     7 |     1 ||     8
       Ice Form          |       |       |     1 ||     1
 Abil: End Transformatio |       |       |     1 ||     1
  Use: Scroll            |     7 |     3 |       ||    10
       Potion            |       |     2 |     1 ||     3
 Stab: Sleeping          |     4 |     1 |       ||     5
Armor: Skin              |     6 |     6 |     6 ||    18
Dodge: Dodged            |    49 |   109 |     7 ||   165

Table legend: (Time is in decaauts)
 A = Elapsed time spent in this place.
 B = Non-inter-level travel time spent in this place.
 C = Inter-level travel time spent in this place.
 D = Time resting spent in this place.
 E = Time spent auto-exploring this place.
 F = Levels seen in this place.
 G = Mean time per level.
                   A        B        C        D        E       F      G
               +--------+--------+--------+--------+--------+-----+--------+
         Total |   7657 |   7531 |    126 |   1551 |   5121 |   5 | 1531.4 |
       Dungeon |   7657 |   7531 |    126 |   1551 |   5121 |   5 | 1531.4 |
               +--------+--------+--------+--------+--------+-----+--------+

Top non-repeatable levels by time:
     D:4: 2595 daAuts
     D:3: 2308 daAuts
     D:2: 1413 daAuts
     D:1: 1008 daAuts
     D:5: 331 daAuts
